 Dungeon Crawl Stone Soup version 0.29.1-2-gbd0b4ee654 (webtiles) character file.

Game seed: 17661496285150784684

262 qeuew the Conjurer (level 5, 0/28 HPs)
             Began as a Deep Elf Conjurer on Nov 7, 2022.
             Slain by a white imp (3 damage)
             ... on level 4 of the Dungeon.
             The game lasted 00:05:02 (3139 turns).

qeuew the Conjurer (Deep Elf Conjurer)              Turns: 3139, Time: 00:05:03

Health: 0/28       AC:  4    Str:  4    XL:     5   Next: 97%
Magic:  1/14       EV: 13    Int: 29    God:
Gold:   145        SH:  5    Dex: 15    Spells: 10/13 levels left

rFire   + + .      SeeInvis .   h - +0 dagger
rCold   . . .      Faith    .   (no shield)
rNeg    + . .      Spirit   .   a - +0 robe
rPois   .          Reflect  +   g - +2 hat
rElec   +          Harm     .   (no cloak)
rCorr   .          Rampage  .   (no gloves)
Will    .....                   (no boots)
Stlth   +++.......              i - amulet "Lenwowk" {Reflect rElec rF++ SH+5}
HPRegen 0.09/turn               f - +6 ring of intelligence
MPRegen 0.14/turn               d - ring of positive energy

@: very slightly contaminated
A: no striking features
a: no special abilities


You were on level 4 of the Dungeon.
You visited 1 branch of the dungeon, and saw 4 of its levels.

You collected 145 gold pieces.

Inventory:

Hand Weapons
 h - a +0 dagger (weapon)
Armour
 a - a +0 robe (worn)
 g - a +2 hat (worn)
Jewellery
 d - a ring of positive energy (right hand)
 f - a +6 ring of intelligence (left hand)
 i - the amulet "Lenwowk" (around neck) {Reflect rElec rF++ SH+5}
   (You took it off a goblin on level 4 of the Dungeon)

   [amulet of reflection]

   It reflects blocked missile attacks.
   rF:        It greatly protects you from fire.
   rElec:     It insulates you from electricity.
   SH:        It affects your SH (+5).
Scrolls
 c - a scroll of identify {unknown}
 e - a scroll of fear
Potions
 b - a potion of magic
 j - a potion of curing
 l - a potion of mutation {unknown}


   Skills:
 + Level 1.5 Short Blades
 + Level 1.5 Armour
 + Level 3.5 Dodging
 + Level 3.8 Stealth
 * Level 4.8 Spellcasting
 + Level 5.0 Conjurations
 + Level 1.6 Summonings


You had 10 spell levels left.
You knew the following spells:

 Your Spells              Type           Power      Damage    Failure   Level
a - Magic Dart            Conj           100%       1d8       1%          1
b - Call Imp              Summ           16%        N/A       4%          2

Your spell library contained the following spells:

 Spells                   Type           Power      Damage    Failure   Level
 Searing Ray              Conj           72%        2d7       1%          2
 Dazzling Flash           Conj/Hex       42%        N/A       7%          3
 Mephitic Cloud           Conj/Pois/Air  16%        N/A       10%         3
 Fulminant Prism          Conj/Hex       10%        3d9       22%         4
 Iskenderun's Mystic Bla  Conj/Tloc      21%        2d6       22%         4
 Summon Lightning Spire   Summ/Air       11%        N/A       41%         4
 Dispersal                Tloc           3%         N/A       100%        6
 Storm Form               Tmut/Air       3%         N/A       100%        7
 Disjunction              Tloc           3%         N/A       100%        8
 Maxwell's Capacitive Co  Air            3%         ∞         100%        8


Dungeon Overview and Level Annotations

Branches:
Dungeon (4/15)
 Temple: D:4-7

Altars:
Wu Jian
Yredelemnul


Message History

The orc is heavily wounded.
Your crimson imp hits the orc.
The orc dies!
The white imp hits your crimson imp. The white imp freezes your crimson imp.
Your crimson imp is frozen!
Your crimson imp dies!
Your crimson imp disappears in a puff of smoke!
The orc closely misses you.
You closely miss the orc.
The orc is heavily wounded.
The white imp shouts, "Decamp, thou mooning dread-bolted snaffler!"
The orc hits you with a +0 hand axe.
You hit the orc but do no damage.
The orc is heavily wounded.
The orc hits you with a +0 hand axe. The white imp gestures at you.
The puff of frost hits you.
You hit the orc but do no damage.
The orc is heavily wounded.
The white imp gestures at you. The puff of frost hits you!
The orc closely misses you.
You hear a distant slurping noise.
Casting: Magic Dart (safe; 1% risk of failure)
Confirm with . or Enter, or press ? or * to list all spells.
You miscast Call Imp.
You are very lightly contaminated with residual magic.
Nothing appears to happen.
The orc misses you.
You hit the orc.
You kill the orc!
The white imp summons a swarm of flies.
The white imp hits you but does no damage.
You barely miss the white imp. The white imp hits you.
* * * LOW HITPOINT WARNING * * *
The white imp freezes you.
* * * LOW HITPOINT WARNING * * *
Casting: Call Imp (safe; 4% risk of failure)
Confirm with . or Enter, or press ? or * to list all spells.
A shadowy apparition takes form in the air.
The white imp hits you.
You die...

########### #.........#
.. #..)@5....# .(# ##
####5###..# ...#
#..####.###..#######....
#.!..#...#..............
#...###+..............
#..5..# ##.###...##...#
#.8...8.# #####...##...#
+..........5
#.....#....#
#.....⌠...$o.
#.....#....#


You could see a white imp (ally target) and a friendly shadow imp (summoned).

Vanquished Creatures
  Terence (D:2)
  An iguana (D:4)
  4 adders (D:2)
  A worm (D:4)
  6 dart slugs
  4 orcs
  3 ball pythons
  6 endoplasms
  2 giant cockroaches
  2 hobgoblins
  8 kobolds
  2 quokkas
  6 bats
  4 frilled lizards
  4 goblins
  11 rats
65 creatures vanquished.

Vanquished Creatures (collateral kills)
  A black bear (D:4)
  2 orcs (D:4)
3 creatures vanquished.

Grand Total: 68 creatures vanquished

Notes
Turn   | Place    | Note
-------+----------+-------------------------------------------
     0 | D:1      | qeuew the Deep Elf Conjurer began the quest for the Orb.
     0 | D:1      | Reached XP level 1. HP: 10/10 MP: 6/6
     9 | D:1      | Noticed a centaur
   159 | D:1      | Reached XP level 2. HP: 15/15 MP: 4/8
   851 | D:1      | Learned a level 2 spell: Call Imp
   910 | D:2      | Reached XP level 3. HP: 12/19 MP: 3/10
  1429 | D:2      | Reached XP level 4. HP: 24/24 MP: 5/11
  1612 | D:2      | Noticed Terence
  1619 | D:2      | Killed Terence
  1620 | D:2      | Reached skill level 1 in Armour
  1620 | D:2      | Reached skill level 1 in Summonings
  1828 | D:2      | Found a faded altar of an unknown god.
  2073 | D:3      | Found an ornate altar of the Wu Jian Council.
  2149 | D:3      | Reached skill level 1 in Short Blades
  2697 | D:4      | Found a basalt altar of Yredelemnul.
  2761 | D:4      | Noticed a black bear
  2770 | D:4      | Killed a black bear
  2771 | D:4      | Reached skill level 5 in Conjurations
  2771 | D:4      | Reached XP level 5. HP: 4/28 MP: 5/14
  2911 | D:4      | Identified the amulet "Lenwowk" {Reflect rElec rF++ SH+5}
  3139 | D:4      | Slain by a white imp

Illustrated notes

Levels and vault maps discovered:
D:1:      evilmike_arrival_come_back, layout_loops_cross
D:2:      layout_rooms, chequers_ecumenical_altar_grove, nicolae_titane,
          uniq_terence
D:3:      layout_basic, mainiacjoe_overflow_boulevard
D:4:      layout_gridville, kennysheep_little_box, yredelemnul_altar_generic,
          minmay_overflow_temple_star_quad, wad_floor_pattern_untrapped,
          uniq_sigmund

Skill      XL: |  1  2  3  4 |
---------------+-------------+-----
Stealth        | 3 |  3.8
Dodging        | 3 |  3.5
Spellcasting   | 4 |  4.8
Armour         | 1 |  1.5
Summonings     | 1 |  1.6
Short Blades   | 1 |  1.5
Conjurations   | 5 |  5.0

Action                   |  1- 3 |  4- 6 || total
-------------------------+-------+-------++-------
Melee: Dagger            |     2 |    12 ||    14
 Cast: Magic Dart        |    65 |    71 ||   136
       Call Imp          |       |     4 ||     4
  Use: Scroll            |       |     5 ||     5
       Potion            |       |     4 ||     4
Armor: Robe              |     1 |     2 ||     3
Dodge: Dodged            |    11 |    14 ||    25
Block: Other             |       |     3 ||     3
